 Dungeon Crawl Stone Soup version 0.29-a0-994-gc5c9f59d18 (webtiles) character file.

Game seed: 15139500415109773342

107 vurker the Shooter (level 5, -5/32 HPs)
             Began as a Kobold Hunter on Aug 3, 2022.
             Slain by Crazy Yiuf
             ... wielding a +4 quarterstaff of chaos
              (8 damage)
             ... on level 2 of the Dungeon.
             The game lasted 00:02:09 (1253 turns).

vurker the Shooter (Kobold Hunter)                  Turns: 1253, Time: 00:02:10

Health: -5/32      AC: 10    Str: 10    XL:     5   Next: 10%
Magic:  5/5        EV: 13    Int: 14    God:
Gold:   136        SH:  0    Dex: 18    Spells: 4/4 levels left

rFire   . . .      SeeInvis .   a - +0 shortbow
rCold   + . .      Faith    .   (shield currently unavailable)
rNeg    . . .      Spirit   .   m - +1 ring mail {rC+}
rPois   .          Reflect  .   o - +1 helmet {Int+3}
rElec   .          Harm     .   g - +0 cloak
rCorr   .          Rampage  .   (no gloves)
Will    .....                   k - +0 pair of boots
Stlth   ++........              (no amulet)
HPRegen 0.10/turn               (no ring)
MPRegen 0.09/turn               (no ring)

@: lethally poisoned (-5 -> -11)
A: small, no large weapons, nightstalker 3
a: no special abilities


You were on level 2 of the Dungeon.
You visited 1 branch of the dungeon, and saw 2 of its levels.

You collected 136 gold pieces.

Inventory:

Hand Weapons
 a - a +0 shortbow (weapon)
Armour
 g - a +0 cloak (worn)
   (You found it on level 1 of the Dungeon)
 k - a +0 pair of boots (worn)
   (You found it on level 2 of the Dungeon)
 m - a +1 ring mail of cold resistance (worn)
   (You found it on level 2 of the Dungeon)
 o - a +1 helmet of intelligence (worn)
   (You found it on level 2 of the Dungeon)
Scrolls
 b - a scroll of immolation
 c - a scroll of fog {unknown}
 e - 3 scrolls of teleportation {unknown}
 i - a scroll of enchant armour {unknown}
 j - 3 scrolls of identify {unknown}
Potions
 d - a potion of flight {unknown}
 f - a potion of ambrosia {unknown}
 h - 3 potions of haste {unknown}
 l - a potion of mutation {unknown}
 n - 2 potions of curing {unknown}


   Skills:
 + Level 3.5 Fighting
 * Level 7.2 Ranged Weapons
 - Level 2.4 Dodging
 - Level 1.3 Stealth


You had 4 spell levels left.
You didn't know any spells.
Your spell library was empty.

Dungeon Overview and Level Annotations

Branches:
Dungeon (2/15)

Altars:

Annotations:
D:2 Crazy Yiuf


Innate Abilities, Weirdness & Mutations

You are small and have problems with some larger weapons.
You are completely attuned to the shadows.


Message History

You see here a +1 helmet of intelligence.
o - a +1 helmet of intelligence You start putting on your armour.
You continue putting on your +1 helmet of intelligence. x4
You finish putting on your +1 helmet of intelligence.
You feel clever.
Found a stone staircase leading down.
Found 13 gold pieces.
You now have 136 gold pieces (gained 13).
You see here a +0 whip.
Things that are here:
a +1 dagger of electrocution; a +0 robe You see here a +0 club.
Key pressed, stopping explore.
No reachable target in view!
No reachable target in view!
Could not explore, unopened runed door.
You open the door.
Crazy Yiuf shouts!
You shoot an arrow. The arrow hits Crazy Yiuf.
You shoot an arrow. The arrow closely misses Crazy Yiuf.
Crazy Yiuf hits you with a +4 quarterstaff of chaos!
You are poisoned.
You shoot an arrow. The arrow barely misses Crazy Yiuf.
You feel very sick. Crazy Yiuf barely misses you. x2
You shoot an arrow.
The arrow hits Crazy Yiuf but does no damage.
You feel very sick.
Crazy Yiuf hits you with a +4 quarterstaff of chaos.
* * * LOW HITPOINT WARNING * * *
You aren't carrying any items that you can evoke.
Unknown command.
You are too injured to fight recklessly!
You are too injured to fight recklessly!
Fire: a) +0 shortbow
Aim: Crazy Yiuf, wielding a +4 quarterstaff of chaos and wearing a +0 cloak (lightly wounded, 69% to hit)
You shoot an arrow. The arrow hits Crazy Yiuf.
* * * LOW HITPOINT WARNING * * *
You feel very sick.
Crazy Yiuf hits you with a +4 quarterstaff of chaos.
* * * LOW HITPOINT WARNING * * *
Fire: a) +0 shortbow
Aim: Crazy Yiuf, wielding a +4 quarterstaff of chaos and wearing a +0 cloak (moderately wounded, 69% to hit)
You shoot an arrow.
The arrow hits Crazy Yiuf but does no damage.
* * * LOW HITPOINT WARNING * * *
You feel sick.
Crazy Yiuf hits you with a +4 quarterstaff of chaos!
You die...

#......###.#
#####...##.#####
###........###
####.###....
#....####
#....#### ##
♣♣##........
)..#♣♣
♣♣......)####
...g@♣♣♣♣........#
...#♣..♣......####
## ♣♣♣.♣....##
♣♣♣♣♣###


You could see Crazy Yiuf.

Vanquished Creatures
  Jessica (D:2)
  3 adders (D:2)
  A worm (D:2)
  A dart slug (D:2)
  5 ball pythons
  6 bats
  5 endoplasms
  2 giant cockroaches
  3 goblins
  6 hobgoblins
  4 quokkas
  2 frilled lizards (D:2)
  3 kobolds
  5 rats
47 creatures vanquished.

Notes
Turn   | Place    | Note
-------+----------+-------------------------------------------
     0 | D:1      | vurker the Kobold Hunter began the quest for the Orb.
     0 | D:1      | Reached XP level 1. HP: 12/12 MP: 1/1
   149 | D:1      | Reached XP level 2. HP: 18/18 MP: 2/2
   273 | D:1      | Reached skill level 6 in Ranged Weapons
   295 | D:1      | Reached XP level 3. HP: 21/22 MP: 3/3
   510 | D:2      | Identified the +5 hand axe of Wyrd {elec, rPois}
   543 | D:2      | Reached XP level 4. HP: 19/28 MP: 4/4
   854 | D:2      | Noticed Jessica
   861 | D:2      | Killed Jessica
   862 | D:2      | Reached skill level 7 in Ranged Weapons
   910 | D:2      | Found a runed translucent door.
   913 | D:2      | Noticed Crazy Yiuf
   965 | D:2      | Reached XP level 5. HP: 32/32 MP: 5/5
  1253 | D:2      | Slain by Crazy Yiuf

Illustrated notes

Levels and vault maps discovered:
D:1:      grunt_arrival_lava_bath, layout_basic
D:2:      cheibrodos_helix_gallery, layout_rooms, uniq_jessica,
          uniq_crazy_yiuf_cottage

Skill      XL: |  1  2  3  4 |
---------------+-------------+-----
Ranged Weapons | 6 7 |  7.2
Fighting       | 3 |  3.5
Dodging        | |  2.4
Stealth        | |  1.3

Action                   |  1- 3 |  4- 6 || total
-------------------------+-------+-------++-------
 Fire: Shortbow          |    61 |    66 ||   127
Armor: Leather armour    |     9 |     1 ||    10
       Ring mail         |       |     7 ||     7
Dodge: Dodged            |    37 |    19 ||    56

Table legend: (Time is in decaauts)
 A = Elapsed time spent in this place.
 B = Non-inter-level travel time spent in this place.
 C = Inter-level travel time spent in this place.
 D = Time resting spent in this place.
 E = Time spent auto-exploring this place.
 F = Levels seen in this place.
 G = Mean time per level.
                   A        B        C        D        E       F      G
               +--------+--------+--------+--------+--------+-----+--------+
         Total |   1287 |   1262 |     25 |      0 |    924 |   2 |  643.5 |
       Dungeon |   1287 |   1262 |     25 |      0 |    924 |   2 |  643.5 |
               +--------+--------+--------+--------+--------+-----+--------+

Top non-repeatable levels by time:
     D:2: 844 daAuts
     D:1: 443 daAuts
